SA
WASHINGTON GENERALS @ NIAGARA FALLS EXPOS
08/07/2029
 
TOP OF THE 1ST
Washington Generals batting - Pitching for Niagara Falls Expos : RHP Derek Patton
Pitching: RHP Derek Patton
Batting: RHB Júlio Rodríguez 0-0: Foul Ball, location: 2F
0-1: Ball
1-1: Ball
2-1: Called Strike
2-2: Strikes out swinging
Batting: RHB Bill Perkins 0-0: Called Strike
0-1: Ball
1-1: Ball
2-1: Ball
3-1: Base on Balls
Batting: RHB Ricardo Sandoval 0-0: Foul Ball, location: 2F
0-1: Swinging Strike
0-2: Ball
1-2: Ball
2-2: Foul Ball, location: 2F
2-2: Grounds into double play, 4-6-3 (Groundball, 4)
Top of the 1st over - 0 runs, 0 hits, 0 errors, 0 left on base; Washington 0 - Niagara Falls 0
BOTTOM OF THE 1ST
Niagara Falls Expos batting - Pitching for Washington Generals : RHP Phillip Donoghue
Pitching: RHP Phillip Donoghue
Batting: LHB Elroy Kwasnik 0-0: Fly out, F7 (Flyball, 7)
Batting: RHB Hou Kong 0-0: Ball
1-0: Called Strike
1-1: Swinging Strike
1-2: Foul Ball, location: 2F
1-2: Ball
2-2: Ball
3-2: Strikes out swinging
Batting: RHB Ramón Degollado 0-0: Ball
1-0: Ground out 5-3 (Groundball, 56S)
Bottom of the 1st over - 0 runs, 0 hits, 0 errors, 0 left on base; Washington 0 - Niagara Falls 0
TOP OF THE 2ND
Washington Generals batting - Pitching for Niagara Falls Expos : RHP Derek Patton
Batting: RHB Daryl Yandell 0-0: Ball
1-0: Called Strike
1-1: Ball
2-1: DOUBLE (Groundball, 5L)
Batting: RHB Alonso Vielma 0-0: Called Strike
0-1: Called Strike
0-2: Strikes out swinging
Batting: RHB Stan Wheeler 0-0: Foul Ball, location: 2F
0-1: Ball
Wild Pitch!
Daryl Yandell to third
1-1: Ball
2-1: Ball
3-1: Base on Balls
Batting: RHB Mike Lipide 0-0: Called Strike
0-1: Ball
1-1: Fielders Choice at 2nd, 5-4 (Groundball, 56)
Daryl Yandell scores
Batting: RHB Alan Patterson 0-0: Ball
1-0: Ball
2-0: Ball
3-0: Called Strike
3-1: Base on Balls
Mike Lipide to second
Batting: RHB Dan Vanblarcom 0-0: Called Strike
0-1: Ball
1-1: Ball
2-1: Ball
3-1: SINGLE (Line Drive, 7)
Mike Lipide to third
Alan Patterson to second
Runner from 3rd tries for Home, SAFE, no throw
Batting: RHB Júlio Rodríguez 0-0: Ball
1-0: Ball
2-0: Swinging Strike
2-1: Swinging Strike
2-2: Strikes out swinging
Top of the 2nd over - 2 runs, 2 hits, 0 errors, 2 left on base; Washington 2 - Niagara Falls 0
BOTTOM OF THE 2ND
Niagara Falls Expos batting - Pitching for Washington Generals : RHP Phillip Donoghue
Batting: LHB Manuel Núńez 0-0: Ball
1-0: Foul Ball, location: 2F
1-1: Foul Ball, location: 2F
1-2: Strikes out looking
Batting: RHB Bertrand Pick 0-0: Called Strike
0-1: Ball
1-1: Foul Ball, location: 2F
1-2: Strikes out looking
Batting: RHB José Vázquez 0-0: Ball
1-0: Ball
2-0: Ball
3-0: Swinging Strike
3-1: Reached on error, E7 (Flyball, 78S)
Batting: RHB José Xirau 0-0: Ball
1-0: Ball
2-0: Foul Ball, location: 2F
2-1: Foul Ball, location: 2F
2-2: Strikes out looking
Bottom of the 2nd over - 0 runs, 0 hits, 1 error, 1 left on base; Washington 2 - Niagara Falls 0
TOP OF THE 3RD
Washington Generals batting - Pitching for Niagara Falls Expos : RHP Derek Patton
Batting: RHB Bill Perkins 0-0: Ground out 1-3 (Groundball, P)
Batting: RHB Ricardo Sandoval 0-0: Foul Ball, location: 2F
0-1: Ball
1-1: Ground out 6-3 (Groundball, 6)
Batting: RHB Daryl Yandell 0-0: Called Strike
0-1: Ball
1-1: Called Strike
1-2: Ball
2-2: DOUBLE (Groundball, 5L)
Batting: RHB Alonso Vielma 0-0: Ground out 4-3 (Groundball, 4MS)
Top of the 3rd over - 0 runs, 1 hit, 0 errors, 1 left on base; Washington 2 - Niagara Falls 0
BOTTOM OF THE 3RD
Niagara Falls Expos batting - Pitching for Washington Generals : RHP Phillip Donoghue
Batting: RHB Bogumil Tiwontschik 0-0: Fly out, F5 (Popup, 25)
Batting: RHB Francisco Valentín 0-0: Foul Ball, location: 2F
0-1: Ball
1-1: Called Strike
1-2: Strikes out looking
Batting: LHB Elroy Kwasnik 0-0: Swinging Strike
0-1: Called Strike
0-2: SINGLE (Line Drive, 5S)
Batting: RHB Hou Kong 0-0: Ball
1-0: Fly out, F8 (Flyball, 8LD)
Bottom of the 3rd over - 0 runs, 1 hit, 0 errors, 1 left on base; Washington 2 - Niagara Falls 0
TOP OF THE 4TH
Washington Generals batting - Pitching for Niagara Falls Expos : RHP Derek Patton
Batting: RHB Stan Wheeler 0-0: Called Strike
0-1: Foul Ball, location: 2F
0-2: Ball
1-2: Ball
2-2: Fly out, F9 (Flyball, 9D)
Batting: RHB Mike Lipide 0-0: Called Strike
0-1: Swinging Strike
0-2: Strikes out swinging
Batting: RHB Alan Patterson 0-0: Called Strike
0-1: Ball
1-1: Fly out, F9 (Flyball, 9D)
Top of the 4th over - 0 runs, 0 hits, 0 errors, 0 left on base; Washington 2 - Niagara Falls 0
BOTTOM OF THE 4TH
Niagara Falls Expos batting - Pitching for Washington Generals : RHP Phillip Donoghue
Batting: RHB Ramón Degollado 0-0: Fly out, F8 (Flyball, 78D)
Batting: LHB Manuel Núńez 0-0: Called Strike
0-1: Ball
1-1: Foul Ball, location: 2F
1-2: Ball
2-2: Ball
3-2: Foul Ball, location: 2F
3-2: Foul Ball, location: 2F
3-2: Foul Ball, location: 2F
3-2: Foul Ball, location: 2F
3-2: Foul Ball, location: 2F
3-2: SINGLE (Line Drive, 8RS)
Batting: RHB Bertrand Pick 0-0: Foul Ball, location: 2F
0-1: Called Strike
0-2: Ball
1-2: Ball
2-2: Grounds into double play, 4-6-3 (Groundball, 34)
Bottom of the 4th over - 0 runs, 1 hit, 0 errors, 0 left on base; Washington 2 - Niagara Falls 0
TOP OF THE 5TH
Washington Generals batting - Pitching for Niagara Falls Expos : RHP Derek Patton
Batting: RHB Dan Vanblarcom 0-0: Called Strike
0-1: Ball
1-1: Called Strike
1-2: Ball
2-2: Foul Ball, location: 2F
2-2: Strikes out looking
Batting: RHB Júlio Rodríguez 0-0: Called Strike
0-1: Ball
1-1: SINGLE (Groundball, 56S) (infield hit)
Batting: RHB Bill Perkins 0-0: Called Strike
0-1: Called Strike
0-2: Strikes out looking
Batting: RHB Ricardo Sandoval 0-0: Called Strike
0-1: Called Strike
0-2: Ball
1-2: Strikes out swinging
Top of the 5th over - 0 runs, 1 hit, 0 errors, 1 left on base; Washington 2 - Niagara Falls 0
BOTTOM OF THE 5TH
Niagara Falls Expos batting - Pitching for Washington Generals : RHP Phillip Donoghue
Batting: RHB José Vázquez 0-0: Fly out, F7 (Flyball, 78D)
Batting: RHB José Xirau 0-0: Swinging Strike
0-1: Foul Ball, location: 2F
0-2: Ball
1-2: Strikes out swinging
Batting: RHB Bogumil Tiwontschik 0-0: Ball
1-0: Called Strike
1-1: Ball
2-1: Swinging Strike
2-2: Fly out, F7 (Flyball, 78D)
Bottom of the 5th over - 0 runs, 0 hits, 0 errors, 0 left on base; Washington 2 - Niagara Falls 0
TOP OF THE 6TH
Washington Generals batting - Pitching for Niagara Falls Expos : RHP Derek Patton
Batting: RHB Daryl Yandell 0-0: Ball
1-0: SINGLE (Line Drive, 4MD)
Batting: RHB Alonso Vielma 0-0: Ball
1-0: Swinging Strike
1-1: Foul Ball, location: 2F
1-2: Ball
2-2: Ball
3-2: Fly out, F9 (Flyball, 9D)
Batting: RHB Stan Wheeler 0-0: Foul Ball, location: 2F
0-1: Swinging Strike
0-2: Strikes out looking
Batting: RHB Mike Lipide 0-0: Called Strike
0-1: Ball
1-1: Foul Ball, location: 2F
1-2: Foul Ball, location: 2F
1-2: Ground out 3-1 (Groundball, 34)
Top of the 6th over - 0 runs, 1 hit, 0 errors, 1 left on base; Washington 2 - Niagara Falls 0
BOTTOM OF THE 6TH
Niagara Falls Expos batting - Pitching for Washington Generals : RHP Phillip Donoghue
Batting: RHB Francisco Valentín 0-0: Foul Ball, location: 2F
0-1: Fly out, F7 (Flyball, 7)
Batting: LHB Elroy Kwasnik 0-0: Called Strike
0-1: SINGLE (Groundball, 56D)
Pinch Runner at 1st Min-tae Yi:
Batting: RHB Hou Kong 0-0: Hit by Pitch
Min-tae Yi to second
Batting: RHB Ramón Degollado 0-0: Ball
1-0: Ball
2-0: Called Strike
2-1: Foul Ball, location: 2F
2-2: Ground out 6-3 (Groundball, 6MS)
Min-tae Yi to third
Hou Kong to second
Batting: LHB Manuel Núńez 0-0: Called Strike
0-1: Called Strike
0-2: Ball
1-2: Foul Ball, location: 2F
1-2: Strikes out swinging
Bottom of the 6th over - 0 runs, 1 hit, 0 errors, 2 left on base; Washington 2 - Niagara Falls 0
TOP OF THE 7TH
Washington Generals batting - Pitching for Niagara Falls Expos : RHP Derek Patton
Now in LF: Min-tae Yi
Batting: RHB Alan Patterson 0-0: Ground out U3 (Groundball, 34)
Batting: RHB Dan Vanblarcom 0-0: Ball
1-0: Ball
2-0: Fly out, F3 (Popup, 34)
Batting: RHB Júlio Rodríguez 0-0: Ball
1-0: Fly out, F8 (Flyball, 8LD)
Top of the 7th over - 0 runs, 0 hits, 0 errors, 0 left on base; Washington 2 - Niagara Falls 0
BOTTOM OF THE 7TH
Niagara Falls Expos batting - Pitching for Washington Generals : RHP Phillip Donoghue
Batting: RHB Bertrand Pick 0-0: Ball
1-0: Ground out 1-3 (Groundball, 13S)
Batting: RHB José Vázquez 0-0: Swinging Strike
0-1: Called Strike
0-2: Ground out 6-3 (Groundball, 6)
Batting: RHB José Xirau 0-0: Called Strike
0-1: Ball
1-1: Called Strike
1-2: Foul Ball, location: 2F
1-2: Ball
2-2: Foul Ball, location: 2F
2-2: Strikes out swinging
Bottom of the 7th over - 0 runs, 0 hits, 0 errors, 0 left on base; Washington 2 - Niagara Falls 0
TOP OF THE 8TH
Washington Generals batting - Pitching for Niagara Falls Expos : RHP Derek Patton
Batting: RHB Bill Perkins 0-0: Ball
1-0: Called Strike
1-1: Ground out 6-3 (Groundball, 6MS)
Batting: RHB Ricardo Sandoval 0-0: TRIPLE (Line Drive, 9D)
Batting: RHB Daryl Yandell 0-0: Intentional Walk
Pinch Hitting: RHB Jason Alston 0-0: Ball
1-0: Swinging Strike
1-1: Swinging Strike
1-2: Ball
2-2: Strikes out swinging
Pitching: RHP Jefferson Suhendro
Batting: RHB Stan Wheeler 0-0: Ball
1-0: Fielders Choice at 2nd, 5-4 (Groundball, 56)
Top of the 8th over - 0 runs, 1 hit, 0 errors, 2 left on base; Washington 2 - Niagara Falls 0
BOTTOM OF THE 8TH
Niagara Falls Expos batting - Pitching for Washington Generals : RHP Phillip Donoghue
Now at 2B: Jason Alston
Batting: RHB Bogumil Tiwontschik 0-0: Ball
1-0: Called Strike
1-1: Foul Ball, location: 2F
1-2: Ball
2-2: Ball
3-2: Foul Ball, location: 2F
3-2: Foul Ball, location: 2F
3-2: Ground out 5-3 (Groundball, 56)
Batting: RHB Francisco Valentín 0-0: Ball
1-0: DOUBLE (Line Drive, 9LS)
Batting: RHB Min-tae Yi 0-0: Swinging Strike
0-1: Swinging Strike
0-2: Strikes out swinging
Batting: RHB Hou Kong 0-0: Ball
1-0: Ball
2-0: Called Strike
2-1: Swinging Strike
2-2: Ball
3-2: Foul Ball, location: 2F
3-2: SINGLE (Flyball, 7LS)
Francisco Valentín to third
Francisco Valentín scores
Pinch Runner at 1st Duk-yeo Chin:
Batting: RHB Ramón Degollado 0-0: Ball
1-0: Hit by Pitch
Duk-yeo Chin to second
Pitching: RHP Augusto Morín
Batting: LHB Manuel Núńez 0-0: Called Strike
0-1: Called Strike
0-2: Foul Ball, location: 2F
0-2: Foul Ball, location: 2F
0-2: DOUBLE (Line Drive, 9LM)
Duk-yeo Chin scores
Ramón Degollado to third
Runner from 3rd tries for Home, SAFE, no throw
Batting: RHB Bertrand Pick 0-0: Ball
1-0: Foul Ball, location: 2F
1-1: Foul Ball, location: 2F
1-2: Strikes out swinging
Bottom of the 8th over - 3 runs, 3 hits, 0 errors, 1 left on base; Washington 2 - Niagara Falls 3
TOP OF THE 9TH
Washington Generals batting - Pitching for Niagara Falls Expos : RHP Jefferson Suhendro
Pitching: RHP Tony Wolfe
Now at 1B: Chi-ju Goei
Now in CF: Fred Hulvey
Batting: RHB Mike Lipide 0-0: Called Strike
0-1: Ball
1-1: Ground out 1-3 (Groundball, 13)
Pinch Hitting: LHB Keizo Morishita 0-0: Ball
1-0: SINGLE (Line Drive, 89S)
Pinch Hitting: RHB Michael Palledorous 0-0: Ball
1-0: Called Strike
1-1: Swinging Strike
1-2: Ball
2-2: Strikes out swinging
Batting: RHB Júlio Rodríguez 0-0: Ball
1-0: Ball
2-0: Called Strike
2-1: Ball
3-1: Fielders Choice at 2nd, 6-4 (Groundball, 6)
Top of the 9th over - 0 runs, 1 hit, 0 errors, 1 left on base; Washington 2 - Niagara Falls 3
Tuesday, December 19th, 2017 - OOTP Baseball 18.8 Build 76